 Dungeon Crawl Stone Soup version 0.31.0-7-gf635a9b802 (webtiles) character file.

Game seed: 12880064749575287493

4763 nicanaca0 the Basher (level 10, -7/97 HPs)
             Began as a Gargoyle Berserker on Jan 18, 2024.
             Was a Priest of Trog.
             Mangled by Erica
             ... wielding a +2 scimitar of flaming
              (11 damage)
             ... on level 10 of the Dungeon on Jan 23, 2024.
             The game lasted 00:25:07 (9098 turns).

nicanaca0 the Basher (Gargoyle Berserker)           Turns: 9098, Time: 00:25:08

Health: -7/97      AC: 23    Str: 20    XL:     10   Next: 47%
Magic:  10/10      EV:  4    Int: 11    God:    Trog [***...]
Gold:   604        SH:  0    Dex: 11    Spells: 9/9 levels left

rFire   . . .        n - +0 quarterstaff (speed)
rCold   . . .        (shield currently unavailable)
rNeg    + . .        Q - +0 plate armour
rPois   ∞            (no helmet)
rElec   +            (no cloak)
rCorr   .            r - +1 pair of gloves
SInv    .            (no boots)
Will    .....        u - amulet of the acrobat Stlth
                     (no ring)
HPRegen 0.36/turn    (no ring)
MPRegen 0.12/turn

%: acrobat
@: berserking (expiring), constricted, very quick
A: sickness immunity, AC +7, negative energy resistance 1, electricity
resistance, torment resistance 1, petrification resistance
a: Renounce Religion, Berserk, Trog's Hand


You were on level 10 of the Dungeon.
You worshipped Trog.
Trog was most pleased with you.
You visited 1 branch of the dungeon, and saw 10 of its levels.
You also visited: Sewer.

You collected 604 gold pieces.

Inventory:

Hand Weapons
 a - a +2 hand axe of venom
 n - a +0 quarterstaff of speed (weapon)
 q - a +0 flail
 z - a +2 short sword of holy wrath
 J - a +7 heavy spear
 K - a +0 battleaxe
 R - a +0 war axe
 S - a +1 mace of protection
 T - a +3 war axe
Missiles
 h - 9 boomerangs
 A - 6 javelins
 B - 2 poisoned darts (quivered)
 C - 27 stones
 G - a curare-tipped dart
 H - an atropa-tipped dart
Armour
 r - a +1 pair of gloves (worn)
 t - a +0 chain mail
 N - a +0 kite shield
 Q - a +0 plate armour (worn)
Jewellery
 u - an amulet of the acrobat (around neck)
Talismans
 i - a flux talisman
 v - a blade talisman
Wands
 k - a wand of acid (4)
 D - a wand of charming (9)
 E - a wand of iceblast (11)
 P - a wand of polymorph (4)
Scrolls
 b - 7 scrolls of identify {unknown}
 c - a scroll of summoning {unknown}
 e - a scroll of torment
 l - 4 scrolls of noise
 x - a scroll of fog
 y - 2 scrolls of teleportation
 L - a scroll of poison {unknown}
 M - a scroll of blinking {unknown}
 O - a scroll of immolation {unknown}
Potions
 d - 2 potions of haste {unknown}
 f - 3 potions of berserk rage
 g - 7 potions of curing {@q1}
 j - 2 potions of ambrosia {unknown}
 m - a potion of degeneration {unknown}
 o - a potion of lignification {unknown}
 p - 2 potions of magic {unknown}
 s - 4 potions of heal wounds {unknown}
 w - a potion of brilliance {unknown}
 F - a potion of attraction {unknown}
 I - a potion of mutation {unknown}


   Skills:
 + Level 8.6 Fighting
 * Level 11.6 Maces & Flails
 + Level 8.1 Armour
 - Level 1.5 Dodging


You had 9 spell levels left.
You didn't know any spells.
Your spell library was empty.

Dungeon Overview and Level Annotations

Branches:
Dungeon (10/15)            Temple (0/1) D:4           Sewer (visited)
   Lair: D:8-11         Orc: D:9-12

Altars:
Cheibriados
Dithmenos
Elyvilon
Fedhas
Hepliaklqana
Makhleb
Okawaru
Sif Muna
Vehumet
Yredelemnul

Shops:
D:7 :

Annotations:
D:6 3 runed translucent doors, Ilusedd's ghost, novice MiFi
D:7 2 transporters, Veukhlix's ghost, novice DgFi
D:10 Erica


Innate Abilities, Weirdness & Mutations

You are immune to sickness and miasma.
Your stone body is resilient. (AC +7)
You are immune to poison.
You resist negative energy. (rN+)
You are resistant to electric shocks. (rElec)
You are resistant to unholy torment.
You are immune to petrification.


Message History

You hit Lodul but do no damage.
Lodul is heavily wounded.
Erica hits you with a +2 scimitar of flaming.
Erica burns you. Erica constricts you.
You closely miss Lodul.
Lodul is heavily wounded.
Lodul hits you with a +0 dire flail. The ogre hits you with a +0 giant club!
* * * LOW HITPOINT WARNING * * *
You bludgeon Lodul!!
Lodul is almost dead.
You sock Lodul!
Lodul is almost dead.
Erica hits you but does no damage. Erica constricts you.
The ogre hits you with a +0 giant club!
* * * LOW HITPOINT WARNING * * *
You thump Lodul!
You kill Lodul!
Trog accepts your kill.
Your Armour skill increases to level 8!
You closely miss Erica.
Your skin stops crawling.
You feel less strong-willed. Erica hits you but does no damage.
Erica constricts you. The ogre hits you but does no damage.
You hit Erica.
Erica is lightly wounded.
You miss Erica.
Erica is lightly wounded.
The ogre hits you but does no damage.
You sock Erica!
Erica is moderately wounded.
Erica barely misses you. Erica constricts you.
You sock Erica!
Erica is heavily wounded.
The ogre hits you with a +0 giant club!
* * * LOW HITPOINT WARNING * * *
You thump Erica!
Erica is severely wounded.
Erica hits you with a +2 scimitar of flaming!
You die...
Erica begins burbling mirthfully and uncontrollably.

######+#####
#..........#
+..........#
#.[........#
#.....x@O..+
#.....O)$..#
#..........#
#..........#
#..........#
############


You could see Erica and 2 ogres.

Vanquished Creatures
  Lodul (D:10)
  A cyclops (D:8)
  A wyvern (D:8)
  A steam dragon (D:9)
  Menkaure (D:5)
  A water moccasin (D:9)
  A black bear (D:4)
  Pargi (Sewer)
  2 orc warriors
  A sky beast (D:7)
  3 centaurs
  5 ogres
  A phantom (D:5)
  A brain worm (Sewer)
  A kobold brigand (D:8)
  2 bullfrogs
  A gnoll sergeant (D:8)
  A scorpion (D:7)
  Blork the orc (D:5)
  12 wights
  6 killer bees
  3 bombardier beetles
  A crimson imp (D:8)
  A gnoll bouda (D:8)
  4 hounds
  A jelly (D:8)
  3 orc priests
  2 iguanas (D:4)
  2 sleepcaps
  3 orc wizards
  6 gnolls (D:8)
  9 adders
  A white imp (D:7)
  2 dart slugs (D:1)
  A ribbon worm (D:2)
  18 orcs
  10 ball pythons
  9 bats
  7 endoplasms
  4 giant cockroaches
  9 goblins
  12 hobgoblins
  2 jackals (D:1)
  5 quokkas
  8 frilled lizards
  10 kobolds
  3 rats (D:1)
181 creatures vanquished.

Notes
Turn   | Place    | Note
-------+----------+-------------------------------------------
     0 | D:1      | nicanaca0 the Gargoyle Berserker began the quest for the
                  | Orb.
     0 | D:1      | Reached XP level 1. HP: 14/14 MP: 1/1
    60 | D:1      | Reached XP level 2. HP: 17/19 MP: 2/2
   200 | D:1      | Reached skill level 4 in Maces & Flails
   224 | D:1      | Reached XP level 3. HP: 23/23 MP: 3/3
   428 | D:1      | Reached ** piety under Trog
   884 | D:2      | You fall into a shaft and drop 1 floor!
   885 | D:3      | Found a faded altar of an unknown god.
   968 | D:3      | Found a white marble altar of Elyvilon.
  1059 | D:2      | Reached XP level 4. HP: 28/28 MP: 4/4
  1234 | D:2      | Reached skill level 5 in Maces & Flails
  2450 | D:4      | Reached XP level 5. HP: 30/32 MP: 5/5
  2639 | D:4      | Noticed a black bear
  2651 | D:4      | Killed a black bear
  2652 | D:4      | Reached skill level 6 in Maces & Flails
  2652 | D:4      | Reached XP level 6. HP: 33/38 MP: 6/6
  3103 | D:4      | Found a staircase to the Ecumenical Temple.
  3185 | D:4      | Found a snail-covered altar of Cheibriados.
  3407 | D:5      | Entered Level 5 of the Dungeon
  3533 | D:5      | Found a blossoming altar of Fedhas.
  3587 | D:5      | Noticed Blork the orc
  3594 | D:5      | Killed Blork the orc
  3595 | D:5      | Reached XP level 7. HP: 44/44 MP: 7/7
  3771 | D:5      | Noticed Menkaure
  3784 | D:5      | Killed Menkaure
  3785 | D:5      | Reached skill level 7 in Maces & Flails
  4404 | D:5      | Found an iron altar of Okawaru.
  4622 | D:6      | Found a glowing drain.
  4659 | D:6      | Reached skill level 5 in Fighting
  4664 | Sewer    | Entered a sewer
  4773 | Sewer    | Noticed Pargi
  4790 | Sewer    | Killed Pargi
  4791 | Sewer    | Reached XP level 8. HP: 47/49 MP: 8/8
  4903 | D:6      | Found a runed translucent gate.
  5184 | D:6      | Found a runed translucent gate.
  5184 | D:6      | Found a runed translucent gate.
  5195 | D:6      | Noticed Ilusedd's ghost (novice MiFi)
  5221 | D:6      | Reached skill level 8 in Maces & Flails
  5550 | D:6      | Reached skill level 5 in Armour
  5675 | D:7      | Found Issupto's Book Emporium.
  6073 | D:7      | Reached *** piety under Trog
  6074 | D:7      | Reached skill level 9 in Maces & Flails
  6264 | D:7      | Found a transporter.
  6264 | D:7      | Noticed Veukhlix's ghost (novice DgFi)
  6283 | D:7      | Reached XP level 9. HP: 56/56 MP: 9/9
  6638 | D:7      | Found a transporter.
  6720 | D:7      | Found a shadowy altar of Dithmenos.
  7197 | D:8      | Upgraded the game from 0.31-b1-22-gc680215f68 to 0.31.0
  7328 | D:8      | Reached skill level 10 in Maces & Flails
  7535 | D:8      | Found a burning altar of Makhleb.
  7539 | D:8      | Found a radiant altar of Vehumet.
  7575 | D:8      | Noticed a cyclops
  7584 | D:8      | Killed a cyclops
  8091 | D:9      | Reached XP level 10. HP: 55/64 MP: 10/10
  8143 | D:9      | Found a basalt altar of Yredelemnul.
  8147 | D:9      | Found a shimmering blue altar of Sif Muna.
  8337 | D:9      | Found a hazy altar of Hepliaklqana.
  8350 | D:9      | Reached skill level 11 in Maces & Flails
  8676 | D:9      | Upgraded the game from 0.31.0 to 0.31.0-7-gf635a9b802
  9070 | D:10     | Entered Level 10 of the Dungeon
  9070 | D:10     | Noticed Erica
  9070 | D:10     | Noticed Lodul
  9092 | D:10     | Killed Lodul
  9097 | D:10     | HP: 4/97 [ogre/+0 giant club[Lodul] (16)]
  9098 | D:10     | Mangled by Erica

Illustrated notes

Levels and vault maps discovered:
D:1:      roderic_crossed_star, layout_basic, minmay_pentomino_s2
D:2:      layout_basic
D:3:      layout_loops_ring, elyvilon_altar_4, shapermc_ecumenical_altar_ellora,
          st_stairs_7
D:4:      layout_loops_ring, nicolae_overflow_hidden_temple,
          minmay_temple_entry_tees, minmay_misc_feat_cross, minivault_27
D:5:      layout_basic, mainiacjoe_overflow_concentric_impassable,
          kennysheep_okawaru_gauntlet, uniq_menkaure, uniq_blork_the_orc
D:6:      layout_loops_ring, ebering_ghost_rock_garden, gup_sewer_entry_glass
D:7:      layout_gridville, kennysheep_mini, serial_shops, shop,
          gammafunk_ghost_arena, minmay_small_thing
D:8:      layout_basic, grunt_temple_overflow_lords_of_destruction
D:9:      layout_rooms, nzn_hepliaklqana_mist_gate,
          mainiacjoe_overflow_catwalk_spiral, serial_corexii_hall,
          corexii_hall_statues_i, chequers_hall_statues_wall_a
D:10:     layout_roguey, mainiacjoe_overflow_swirl, xom_butterflies,
          dpeg_oklobed_lair, enter_bailey_7, uniq_erica, uniq_lodul

Skill      XL: |  1  2  3  4  5  6  7  8  9 10 |
---------------+-------------------------------+-----
Maces & Flails | 4 5 6 7 9 10 11 | 11.6
Armour         | 3 4 5 7 8 |  8.1
Fighting       | 4 5 6 7 8 |  8.6
Dodging        | |  1.5

Action                     |  1- 3 |  4- 6 |  7- 9 | 10-12 || total
---------------------------+-------+-------+-------+-------++-------
  Melee: Mace              |   113 |   162 |       |       ||   275
         Quarterstaff      |       |     8 |   469 |   105 ||   582
         Punch             |       |     1 |       |       ||     1
  Throw: Dart              |    48 |    29 |    36 |     5 ||   118
         Stone             |     2 |    18 |       |       ||    20
 Invoke: Berserk           |       |     7 |     4 |     2 ||    13
         Trog's Hand       |       |     1 |     5 |     2 ||     8
  Evoke: Wand              |       |       |     4 |     4 ||     8
    Use: Scroll            |       |     7 |     1 |       ||     8
         Potion            |       |     1 |       |       ||     1
   Stab: Sleeping          |     1 |       |       |       ||     1
         Invisible         |       |     1 |     2 |       ||     3
 Armour: Animal skin       |    49 |       |       |       ||    49
         Leather armour    |    15 |    84 |       |       ||    99
         Chain mail        |       |     4 |   398 |    59 ||   461
         Plate armour      |       |       |       |    27 ||    27
  Dodge: Dodged            |    69 |   102 |   298 |    46 ||   515
